 Dungeon Crawl Stone Soup version 0.28.0 (webtiles) character file.

Game seed: 8940106197587579214

2901 dualclasshuman the Thaumaturge (level 10, 0/61 HPs)
             Began as a Djinni Fire Elementalist on Feb 15, 2022.
             Was a Follower of Makhleb.
             Slain by a wyvern (9 damage)
             ... on level 7 of the Dungeon on Feb 16, 2022.
             The game lasted 00:39:54 (8655 turns).

dualclasshuman the Thaumaturge (DjFE)               Turns: 8655, Time: 00:39:55

Health: 0/61       AC:  5    Str:  7    XL:     10   Next: 6%
Gold:   1316       EV: 13    Int: 21    God:    Makhleb [*.....] SH:  0 Dex: 14

rFire   + + +      SeeInvis .   j - staff of fire
rCold   x . .      Faith    .   (no shield)
rNeg    . . .      Spirit   .   g - +2 leather armour {rF+}
rPois   ∞          Reflect  .   (no helmet)
rElec   .          Harm     .   (no cloak)
rCorr   .          Rampage  .   (no gloves)
Will    +....                   (boots unavailable)
Stlth   ++........              v - amulet of the acrobat
HPRegen 0.20/turn               b - ring of protection from cold
MPRegen 0.00/turn               n - ring of fire

@: flying
A: sickness immunity, fire resistance 2, cold vulnerability 1, float, innate
caster, HP casting, extra vitality 1
a: Renounce Religion


You were on level 7 of the Dungeon.
You worshipped Makhleb.
Makhleb was aware of your devotion.
You visited 2 branches of the dungeon, and saw 9 of its levels.

You collected 1368 gold pieces.
You spent 52 gold pieces at shops.

Inventory:

Hand Weapons
 c - a +0 dagger
 f - a +0 long sword
 k - a +2 short sword of freezing
 l - a +1 whip of venom
 q - a +3 dire flail of draining
Missiles
 d - 18 poisoned darts
 e - 6 datura-tipped darts
 i - 2 throwing nets
 x - 2 javelins
Armour
 g - a +2 leather armour of fire resistance (worn)
Magical Staves
 j - a staff of fire (weapon)
Jewellery
 b - a ring of protection from cold (left hand)
 n - a ring of fire (right hand)
 v - an amulet of the acrobat (around neck)
 B - an amulet of faith
Wands
 o - a wand of flame (14) (quivered)
Scrolls
 h - 3 scrolls of identify
 r - a scroll of silence
 s - a scroll of fear
 w - a scroll of immolation {unknown}
 y - a scroll of enchant weapon {unknown}
 z - 2 scrolls of blinking {unknown}
 A - 2 scrolls of noise {unknown}
 C - a scroll of holy word {unknown}
 E - a scroll of teleportation {unknown}
Potions
 a - 3 potions of haste
 m - a potion of mutation
 p - a potion of lignification
 t - a potion of heal wounds
 u - 3 potions of resistance {unknown}
 D - a potion of attraction {unknown}


   Skills:
 + Level 0.9 Fighting
 + Level 3.1 Armour
 * Level 5.6 Dodging
 + Level 2.8 Stealth
 * Level 9.2 Spellcasting
 + Level 0.5 Evocations


You had 4 spell levels left.
You knew the following spells:

 Your Spells              Type           Power      Damage    Failure   Level
a - Foxfire               Conj/Fire      100%       2x1d9     1%          1
b - Scorch                Fire           100%       2d10      1%          2
c - Conjure Flame         Conj/Fire      83%        6-21      1%          3
d - Inner Flame           Hex/Fire       83%        N/A       1%          3
e - Flame Wave            Conj/Fire      83%        2d14      2%          4
f - Beastly Appendage     Tmut           96%        N/A       1%          1
g - Searing Ray           Conj           96%        2d7       1%          2
h - Dazzling Flash        Conj/Hex       96%        N/A       1%          3
i - Passage of Golubria   Tloc           48%        N/A       2%          4
Your spell library was empty.

Dungeon Overview and Level Annotations

Branches:
Dungeon (8/15)             Temple (1/1) D:5
   Lair: D:8-11

Altars:
Ashenzari
Cheibriados
Dithmenos
Elyvilon
Fedhas
Gozag
Hepliaklqana
Kikubaaqudgha
Makhleb
Nemelex Xobeh
Okawaru
Qazlal
Ru
Sif Muna
Trog
Uskayaw
Vehumet
Wu Jian
Xom
Yredelemnul
Zin

Shops:
D:2 ?


Innate Abilities, Weirdness & Mutations

You are immune to sickness and miasma.
You are immune to poison.
Your flesh is very heat resistant. (rF++)
You are vulnerable to cold. (rC-)
You float through the air rather than walking.
You learn spells naturally, not from books.
Your magical power is your life essence.
You have superior vitality. (+4 MHP)


Message History

Aiming: Inner Flame (safe; 1% risk of failure)
Press: ? - help, Dir - move target, f - hell rat
Aim: a hell rat (chance to affect: 98%)
Okay, then.
Casting: Inner Flame (safe; 1% risk of failure)
Confirm with . or Enter, or press ? or * to list all spells.
Casting: Flame Wave (dangerous; 2% risk of failure)
Press: ? - help, Dir - look around, f - activate You feel a strong surge of power!
A wave of flame ripples out! (Press . to intensify the flame waves.)
You hear a bellow!
A wave of flame ripples out!
The flame wave engulfs the river rat!
The river rat is almost dead.
A wave of flame ripples out!
The flame wave engulfs the river rat!
You kill the river rat!
Makhleb accepts your kill.
The flame wave engulfs the hell rat!
The hell rat is heavily wounded.
You finish channelling waves of flame.
You hear a bellow!
A wyvern comes into view.
A quokka comes into view.
The hell rat misses you. The hell rat completely misses you.
The hell rat twitches its whiskers.
A gnoll comes into view. It is wielding a +2 whip of draining.
The wyvern completely misses you. The wyvern completely misses you.
You hear the faint creaking of a distant portcullis.
The gnoll hits you with a +2 whip of draining.
The wyvern completely misses you.
There is a stone staircase leading up, spattered with blood here.
The wyvern bites you!
* * * LOW HITPOINT WARNING * * *
You fly upwards.
There is a stone staircase leading down here.
Casting: Flame Wave (dangerous; 2% risk of failure)
Confirm with . or Enter, or press ? or * to list all spells.
You feel a strong surge of power!
You conjure some foxfire!
* * * LOW HITPOINT WARNING * * *
The wyvern closely misses you. The wyvern bites you!
You die...

#.# #.# #.#..≈≈≈..##.# #.# #.#
#.###....≈[≈..##.# #.# #.#
#........≈≈≈.###.# #.# #.#
#######......###.# #.# ####.#####
###........# #.## #[.......#
##'######## #.<# #........#
##...## ##.# #.##.###.# ##.v.>.##
####.# #.##.#.#.# ##..@...)##
##.##.##
##.##.....###..v.l....####......#
............'.........'..........
##........###.........####.......
#.###..#.# ##.....>.## ##......
#........# ##.....## #......
###....### ##...## ##..[.. #....#
##'## #..."# #.#### #.# #.####


You could see a wyvern (ally target).

Vanquished Creatures
  Edmund (D:4)
  2 water moccasins (D:7)
  Pargi (D:3)
  An ice beast (D:7)
  2 sky beasts
  4 black bears
  4 ogres
  2 necrophages
  2 phantoms
  A bullfrog (D:6)
  Blork the orc (D:4)
  A scorpion (D:5)
  7 killer bees
  3 howler monkeys
  2 hounds
  A jelly (D:6)
  2 orc priests
  4 iguanas
  2 orc wizards (D:8)
  2 hound skeletons (D:4)
  A howler monkey zombie (D:6)
  Robin (D:4)
  4 gnolls
  3 adders
  A howler monkey skeleton (D:6)
  2 river rats (D:8)
  3 shadow imps
  A worm (D:5)
  3 dart slugs
  13 orcs
  4 endoplasms
  4 giant cockroaches
  10 goblins
  11 hobgoblins
  7 jackals
  2 quokkas
  5 ball pythons
  7 bats
  3 frilled lizards
  8 kobolds
  5 rats
143 creatures vanquished.

Vanquished Creatures (collateral kills)
  A foxfire (D:1)
1 creature vanquished.

Vanquished Creatures (others)
  222 foxfires
222 creatures vanquished.

Grand Total: 366 creatures vanquished

Notes
Turn   | Place    | Note
-------+----------+-------------------------------------------
     0 | D:1      | dualclasshuman the Djinni Fire Elementalist began the quest
                  | for the Orb.
     0 | D:1      | Reached XP level 1. HP: 15/15 MP: 0/0
    40 | D:1      | Reached XP level 2. HP: 15/21 MP: 0/0
   392 | D:1      | Found a faded altar of an unknown god.
   444 | D:1      | Reached skill level 3 in Spellcasting
   457 | D:1      | Reached XP level 3. HP: 18/25 MP: 0/0
   457 | D:1      | Learned a level 1 spell: Beastly Appendage
  1702 | D:2      | Reached XP level 4. HP: 29/31 MP: 0/0
  1746 | D:2      | Found a hide-covered altar of Uskayaw.
  1870 | D:2      | Found Zufeg's Magic Scroll Shoppe.
  1878 | D:2      | Bought a scroll of identify for 26 gold pieces
  1878 | D:2      | Bought a scroll of identify for 26 gold pieces
  2103 | D:3      | Noticed a necrophage
  2119 | D:3      | Killed a necrophage
  2120 | D:3      | Reached skill level 4 in Spellcasting
  2120 | D:3      | Reached XP level 5. HP: 19/35 MP: 0/0
  2120 | D:3      | Learned a level 2 spell: Searing Ray
  2598 | D:3      | Noticed Pargi
  2849 | D:3      | Killed Pargi
  2850 | D:3      | Reached XP level 6. HP: 31/40 MP: 0/0
  3386 | D:4      | Reached skill level 5 in Spellcasting
  3404 | D:4      | Reached XP level 7. HP: 13/45 MP: 0/0
  3404 | D:4      | Learned a level 3 spell: Dazzling Flash
  3862 | D:4      | Reached skill level 1 in Armour
  3915 | D:4      | Noticed Edmund
  3923 | D:4      | Killed Edmund
  4020 | D:4      | Noticed Robin
  4025 | D:4      | Killed Robin
  4035 | D:4      | Reached skill level 6 in Spellcasting
  4035 | D:4      | Reached XP level 8. HP: 28/51 MP: 0/0
  4511 | D:4      | Noticed Blork the orc
  4520 | D:4      | Killed Blork the orc
  4578 | D:5      | Entered Level 5 of the Dungeon
  5143 | D:5      | Reached skill level 7 in Spellcasting
  5285 | D:5      | Found a bloodstained altar of Trog.
  5327 | D:5      | Reached XP level 9. HP: 40/56 MP: 0/0
  5327 | D:5      | Learned a level 4 spell: Passage of Golubria
  5544 | D:5      | Found a staircase to the Ecumenical Temple.
  5603 | Temple   | Entered the Ecumenical Temple
  5916 | Temple   | Became a worshipper of Makhleb the Destroyer
  6143 | D:5      | Found a blossoming altar of Fedhas.
  6535 | D:6      | Reached skill level 5 in Dodging
  6535 | D:6      | Reached skill level 8 in Spellcasting
  7904 | D:7      | Reached * piety under Makhleb
  8093 | D:7      | Identified a scroll of acquirement
  8093 | D:7      | Acquired 1044 gold pieces
  8379 | D:7      | Reached skill level 9 in Spellcasting
  8606 | D:8      | Reached XP level 10. HP: 55/61 MP: 0/0
  8637 | D:8      | Noticed a death yak
  8655 | D:7      | Slain by a wyvern

Illustrated notes

Levels and vault maps discovered:
D:1:      mainiacjoe_arrival_reflecting_pool, layout_basic,
          hellmonk_ecumenical_altar_pennies_from_heaven, minmay_3d_cube
D:2:      kennysheep_big_flooded_room, layout_basic, basic_altar, serial_shops,
          shop
D:3:      layout_basic, minmay_close_crescents, uniq_pargi
D:4:      layout_basic, uniq_edmund, uniq_blork_the_orc, uniq_robin
D:5:      layout_basic, gammafunk_temple_overflow_statue, trog_ov_bears_minmay,
          minmay_temple_entry_slanted, grunt_ministairs_1, bh_walls_and_bars
D:6:      layout_rooms
D:7:      layout_loops_corners, corexii_item_surrounded_by_moat
D:8:      layout_rooms, dpeg_lair_monsters, enter_bailey_4, uniq_harold
Temple:   dpeg_five_rooms_temple

Skill      XL: |  1  2  3  4  5  6  7  8  9 |
---------------+----------------------------+-----
Spellcasting   | 3 4 5 6 7 9 |  9.2
Stealth        | 2 |  2.8
Dodging        | 3 4 5 |  5.6
Armour         | 1 2 3 |  3.1
Fighting       | |  0.9
Evocations     | |  0.5

Action                   |  1- 3 |  4- 6 |  7- 9 | 10-12 || total
-------------------------+-------+-------+-------+-------++-------
Melee: Staff             |       |       |     1 |       ||     1
 Cast: Foxfire           |    29 |    28 |    83 |     5 ||   145
       Scorch            |    12 |    11 |    10 |       ||    33
       Beastly Appendage |     1 |       |     2 |       ||     3
       Conjure Flame     |       |     4 |     9 |     1 ||    14
       Searing Ray       |       |     5 |       |       ||     5
       Inner Flame       |       |     4 |    47 |     2 ||    53
       Flame Wave        |       |       |     9 |     3 ||    12
       Passage of Golubr |       |       |     2 |       ||     2
       Dazzling Flash    |       |       |     1 |       ||     1
Evoke: Wand              |       |     1 |     5 |       ||     6
  Use: Scroll            |       |     2 |     8 |       ||    10
       Potion            |       |     2 |     1 |       ||     3
Armor: Robe              |     4 |       |       |       ||     4
       Leather armour    |       |     6 |    17 |       ||    23
Dodge: Dodged            |    10 |    22 |    21 |     9 ||    62
